 Dungeon Crawl Stone Soup version 0.16-a0-3452-g71b9fc6 (console) character file.

53 MrRokkomies the Vexing (level 3, -1/16 HPs)
             Began as a Spriggan Enchanter on Jan 1, 2015.
             Slain by an orc
             ... wielding a +0 hand axe
              (3 damage)
             ... on level 3 of the Dungeon.
             The game lasted 00:06:30 (2098 turns).

MrRokkomies the Vexing (Spriggan Enchanter)         Turns: 2098, Time: 00:06:30

Health: -1/16      AC:  5    Str:  5    XL:     3   Next: 62%
Magic:  9/9        EV: 18    Int: 16    God:
Gold:   62         SH:  0    Dex: 16    Spells: 2 memorised, 4 levels left

rFire  . . .     SeeInvis +     h - -2 arbalest (curse)
rCold  . . .     Clarity  .     b - +1 robe
rNeg   . . .     SustAb   .     (shield restricted)
rPois  .         Gourm    .     l - +2 hat
rElec  .         Spirit   .     (no cloak)
rCorr  .         Warding  .     (gloves unavailable)
rMut   .         Stasis   .     (boots unavailable)
MR     .....                    (no amulet)
Stlth  +++.......               (no ring)
                                (no ring)

@: very quick, not resistant to hostile enchantments, fairly stealthy
A: unfitting armour, see invisible, herbivore 3, speed 3, slow metabolism 2
a: no special abilities


You were on level 3 of the Dungeon.
You were not hungry.

You visited 1 branch of the dungeon, and saw 3 of its levels.

You collected 62 gold pieces.

Inventory:

Hand weapons
 a - a +1 dagger
 h - a cursed -2 arbalest (weapon)
Armour
 b - a +1 robe (worn)
 l - a +2 hat (worn)
Magical staves
 f - an uncursed staff of cold {unknown}
Scrolls
 k - a scroll of identify
 n - a scroll of teleportation
Potions
 e - 3 potions of agility
 i - a potion of cancellation {unknown}
 m - a potion of curing {unknown}
Books
 c - a book of Maledictions

   Spells                             Type                      Level
   a - Corona                         Hexes                        1
   b - Sure Blade                     Hexes/Charms                 2
   c - Ensorcelled Hibernation        Hexes/Ice                    2
   d - Confuse                        Hexes                        3
   e - Dazzling Spray                 Conjuration/Hexes            3
   f - Enslavement                    Hexes                        4
Comestibles
 d - a bread ration


   Skills:
 * Level 2.3 Short Blades
 - Level 3.0 Dodging
 + Level 4.7 Stealth
 - Level 2.6 Spellcasting
 * Level 4.8 Hexes


You had 4 spell levels left.
You knew the following spells:

 Your Spells              Type           Power        Failure   Level  Hunger
a - Corona                Hex            ###....      2%          1    #......
b - Ensorcelled Hibernat  Hex/Ice        #.....       12%         2    ##.....


Dungeon Overview and Level Annotations

Branches:
Dungeon (3/15)

Altars:


Innate Abilities, Weirdness & Mutations

You are tiny and cannot use many weapons and most armour.
You have supernaturally acute eyesight.
You are a herbivore.
You cover ground extremely quickly.
You need consume almost no food.


Message History

The orc closely misses you. The orc hits you but does no damage.
You closely miss the orc.
The orc is heavily wounded.
The orc completely misses you.
You clumsily bash the orc but do no damage.
The orc is heavily wounded.
The orc misses you.
You closely miss the orc.
The orc is heavily wounded.
The orc barely misses you. The orc hits you but does no damage.
You clumsily bash the orc but do no damage.
The orc is heavily wounded.
The orc misses you.
You closely miss the orc.
The orc is moderately wounded.
The orc misses you.
You clumsily bash the orc but do no damage.
The orc is moderately wounded.
The orc closely misses you. The orc hits you with a hand axe.
You die...

##.......####.###..........
##....#.## #.# #..........
######..###.# #..........
##..##.# ####..<....
#.....### #.......
#.......#....####..
#.........##.. #
#.....#.#####. #.@...#.# .
#.o.......# . #.........
#.(.>.#..# ####.....# .!...
...# #.#


You could see an orc.

Vanquished Creatures
  An adder (D:2)
  A worm (D:2)
  An orc (D:3)
  2 bats
  2 giant cockroaches (D:1)
  7 hobgoblins
  4 jackals (D:2)
  A ball python (D:2)
  2 giant newts (D:1)
  5 goblins
  6 kobolds
  5 rats
37 creatures vanquished.

Notes
Turn   | Place    | Note
--------------------------------------------------------------
     0 | D:1      | MrRokkomies, the Spriggan Enchanter, began the quest for the Orb.
     0 | D:1      | Reached XP level 1. HP: 9/9 MP: 4/4
   105 | D:1      | Reached XP level 2. HP: 10/13 MP: 7/7
   433 | D:1      | Learned a level 2 spell: Ensorcelled Hibernation
  1224 | D:2      | Reached XP level 3. HP: 14/16 MP: 6/9
  2098 | D:3      | Slain by an orc

Action                   || total
-------------------------++-------
Melee: Dagger            ||   142
       Arbalest          ||    16
 Fire: Arbalest          ||     5
Throw: Tomahawk          ||     5
 Cast: Ensorcelled Hiber ||     3
  Use: Scroll            ||     5
 Stab: Sleeping          ||     5
       Distracted        ||     1
